 Dungeon Crawl Stone Soup version 0.27-a0-705-ga0013940fb (webtiles) character file.

Game seed: 11937279636418029659

2891 pistachioham the Cleaver (level 9, -18/83 HPs)
             Began as a Minotaur Berserker on Mar 22, 2021.
             Was an Elder of Trog.
             Demolished by a two-headed ogre
             ... wielding a +0 dire flail
              (21 damage)
             ... on level 8 of the Dungeon.
             The game lasted 00:24:05 (8863 turns).

pistachioham the Cleaver (Minotaur Berserker)       Turns: 8863, Time: 00:24:07

Health: -18/83     AC:  2    Str: 21      XL:     9   Next: 48%
Magic:  8/8        EV: 13    Int:  4      God:    Trog [****..]
Gold:   474        SH:  0    Dex: 13 (14) Spells: 8/8 levels left

rFire    . . .     SeeInvis .   a - +3 battleaxe (freeze)
rCold    . . .     Faith    .   (shield currently unavailable)
rNeg     + . .     Spirit   .   G - +0 animal skin
rPois    .         Reflect  .   (helmet restricted)
rElec    .         Harm     .   (no cloak)
rCorr    .         Rampage  .   (no gloves)
Will     .....                  (no boots)
Stlth    ++........             (no amulet)
HPRegen  0.23/turn              y - ring of positive energy
MPRegen  0.11/turn              B - ring of flight

@: hasted, very quick
A: horns 2, retaliatory headbutt
a: Renounce Religion, Evoke Flight, Berserk, Trog's Hand, Brothers in Arms


You were on level 8 of the Dungeon.
You worshipped Trog.
Trog was greatly pleased with you.
You visited 1 branch of the dungeon, and saw 9 of its levels.

You collected 474 gold pieces.

Inventory:

Hand Weapons
 a - a +3 battleaxe of freezing (weapon)
 b - a +0 hand crossbow
 t - a +6 mace of protection
 E - a +1 hand axe of venom
Missiles
 H - 41 bolts
Armour
 C - a +0 kite shield
 G - a +0 animal skin (worn)
Jewellery
 j - a ring of fire
 y - a ring of positive energy (right hand)
 B - a ring of flight (left hand)
Wands
 n - a wand of random effects (11)
 q - a wand of acid (6)
 u - a wand of mindburst (9)
Scrolls
 c - a scroll of holy word {unknown}
 d - a scroll of blinking {unknown}
 h - 10 scrolls of teleportation
 m - 2 scrolls of enchant weapon {unknown}
 o - 2 scrolls of fog {unknown}
 p - 4 scrolls of identify
 s - 2 scrolls of magic mapping {unknown}
 w - a scroll of silence {unknown}
 x - a scroll of enchant armour {unknown}
 D - a scroll of random uselessness {unknown}
 F - a scroll of noise {unknown}
 I - a scroll of brand weapon {unknown}
Potions
 e - 3 potions of curing
 f - 4 potions of haste
 g - 3 potions of heal wounds {unknown}
 i - a potion of invisibility {unknown}
 k - a potion of berserk rage {unknown}
 l - 2 potions of brilliance {unknown}
 r - 3 potions of attraction {unknown}
 v - 2 potions of ambrosia {unknown}
 z - a potion of mutation {unknown}
 A - a potion of flight {unknown}


   Skills:
 + Level 9.2 Fighting
 * Level 11.9 Axes
 + Level 4.7 Armour
 - Level 4.2 Dodging
 - Level 1.9 Stealth
 - Level 0.1 Evocations


You had 8 spell levels left.
You didn't know any spells.
Your spell library was empty.

Dungeon Overview and Level Annotations

Branches:
Dungeon (9/15)             Temple (0/1) D:4
   Lair: D:8-11         Orc: D:9-12

Altars:
Elyvilon
Nemelex Xobeh
Okawaru
Qazlal
Wu Jian
Xom
Yredelemnul
Zin
The Shining One

Shops:
D:2 (   D:6 *

Annotations:
D:6 1 runed translucent door


Innate Abilities, Weirdness & Mutations

You have a pair of horns on your head.
You reflexively headbutt those who attack you in melee.


Message History

The bullfrog closely misses you. You furiously retaliate!
You headbutt the bullfrog! You hit the bullfrog. You freeze the bullfrog.
Your headbutt misses the bullfrog.
The bullfrog is severely wounded.
The bullfrog closely misses you. The bullfrog hits you.
You hit the bullfrog. You freeze the bullfrog. You headbutt the bullfrog.
You kill the bullfrog!
Trog accepts your kill.
Okay, then.
You start resting.
An ogre comes into view. It is wielding a +0 giant club.
The ogre shouts!
The ogre hits you with a +0 giant club!
You hit the ogre. You freeze the ogre.
The ogre is lightly wounded.
The ogre barely misses you. You furiously retaliate!
You headbutt the ogre! You slash the ogre! You freeze the ogre!
You kill the ogre!
Trog accepts your kill.
You see here a +0 giant club.
You see here a +0 rapier.
A two-headed ogre comes into view.
It is wielding a +0 dire flail and a +0 giant club.
The two-headed ogre shouts in stereo!
The two-headed ogre hits you with a +0 dire flail!
The two-headed ogre hits you with a +0 giant club.
You barely miss the two-headed ogre. The two-headed ogre closely misses you.
The two-headed ogre hits you with a +0 giant club!
You hit the two-headed ogre. You freeze the two-headed ogre.
You headbutt the two-headed ogre, but do no damage.
The two-headed ogre is lightly wounded.
The two-headed ogre hits you with a +0 dire flail!!
* * * LOW HITPOINT WARNING * * *
The two-headed ogre closely misses you.
Unknown command.
You feel yourself speed up.
The two-headed ogre hits you with a +0 dire flail!!
* * * LOW HITPOINT WARNING * * *
The two-headed ogre hits you with a +0 giant club!!
You die...

..# #.#######.#.#. #.#
#.#P.J. #....# .
#.###.#l###.#.##.. ..##
#.##..# +!#.+.#### #...
#.##..#R###.#.#.#.
##...##.##..#P... #..##.
............#######)#.##
.........^..............
#####..@.....#.#..###..#
#...O....#..........
...........###.......#
###...........)...##(.#
#...................#
.........####........
.≈≈.#####.# #...##..#
≈≈≈≈. ... ......... #...
.........


You could see a two-headed ogre.

Vanquished Creatures
  A gargoyle (D:8)
  A water moccasin (D:6)
  An orc warrior (D:8)
  2 ice beasts (D:7)
  4 ogres
  2 centaurs
  A phantom (D:8)
  5 bullfrogs
  2 kobold brigands (D:8)
  A water moccasin zombie (D:5)
  4 killer bees (D:6)
  7 wights
  A howler monkey (D:4)
  2 centaur zombies
  A quasit (D:8)
  2 hounds
  3 worker ants
  5 orc wizards
  Robin (D:4)
  A worker ant zombie (D:7)
  10 adders
  4 white imps
  2 ufetubi
  An adder skeleton (D:5)
  2 worms
  A dart slug (D:1)
  20 orcs
  5 ball pythons
  7 giant cockroaches
  11 goblins
  8 hobgoblins
  7 jackals
  3 oozes
  13 quokkas
  7 bats
  2 frilled lizards
  11 kobolds
  A quokka skeleton (D:5)
  A quokka zombie (D:5)
  7 rats
170 creatures vanquished.

Vanquished Creatures (others)
  12 plants (D:8)
12 creatures vanquished.

Grand Total: 182 creatures vanquished

Notes
Turn   | Place    | Note
-------+----------+-------------------------------------------
     0 | D:1      | pistachioham the Minotaur Berserker began the quest for the
                  | Orb.
     0 | D:1      | Reached XP level 1. HP: 19/19 MP: 0/0
   198 | D:1      | Reached XP level 2. HP: 27/27 MP: 1/1
   200 | D:1      | Reached skill level 4 in Axes
   663 | D:1      | Reached ** piety under Trog
   861 | D:1      | Reached XP level 3. HP: 27/33 MP: 2/2
  1388 | D:2      | Found Zicullur's Antique Weapon Shop.
  1654 | D:2      | Found an ornate altar of the Wu Jian Council.
  1664 | D:2      | Reached XP level 4. HP: 38/41 MP: 3/3
  2161 | D:3      | Found a sparkling altar of Nemelex Xobeh.
  3106 | D:4      | Reached skill level 5 in Axes
  3110 | D:4      | Reached XP level 5. HP: 41/47 MP: 4/4
  3312 | D:4      | Found a shimmering altar of Xom.
  3315 | D:4      | Found a shimmering altar of Xom.
  3316 | D:4      | Found a shimmering altar of Xom.
  3324 | D:4      | Noticed an ogre
  3336 | D:4      | Killed an ogre
  3337 | D:4      | Reached skill level 5 in Fighting
  3337 | D:4      | Reached skill level 1 in Stealth
  3352 | D:4      | Identified the +11 whip of Chagrin {vorpal, rC+ Str+2}
  3380 | D:4      | Found a staircase to the Ecumenical Temple.
  3418 | D:4      | Found a stormy altar of Qazlal.
  3425 | D:4      | Reached skill level 6 in Axes
  3425 | D:4      | Reached XP level 6. HP: 56/56 MP: 5/5
  3563 | D:4      | Noticed Robin
  3568 | D:4      | Reached *** piety under Trog
  3578 | D:4      | Killed Robin
  3769 | D:4      | Found a basalt altar of Yredelemnul.
  3819 | D:5      | Entered Level 5 of the Dungeon
  4121 | D:5      | Reached skill level 7 in Axes
  4121 | D:5      | Reached XP level 7. HP: 47/62 MP: 6/6
  4570 | D:5      | Found a glowing golden altar of the Shining One.
  5129 | D:6      | Reached skill level 8 in Axes
  5183 | D:6      | Reached XP level 8. HP: 55/71 MP: 7/7
  5247 | D:6      | Found Wakeeran's Assorted Antiques.
  5411 | D:6      | Found a white marble altar of Elyvilon.
  5411 | D:6      | Found a runed translucent door.
  5411 | D:6      | Noticed an angel
  5521 | D:6      | Identified the +6 mace "Ultimatum" {freeze, MP+9}
  5530 | D:6      | Reached **** piety under Trog
  5531 | D:6      | Reached skill level 9 in Axes
  5783 | D:6      | Found an iron altar of Okawaru.
  6497 | D:7      | Reached skill level 10 in Axes
  7092 | D:7      | Noticed an angel
  7093 | D:7      | Found a shimmering altar of Xom.
  7109 | D:7      | Found a glowing silver altar of Zin.
  7508 | D:8      | Reached skill level 11 in Axes
  7508 | D:8      | Reached XP level 9. HP: 42/82 MP: 8/8
  8022 | D:8      | Noticed a purple ugly thing
  8041 | D:8      | Noticed a gargoyle
  8054 | D:8      | Killed a gargoyle
  8789 | D:8      | Noticed an efreet
  8853 | D:8      | Noticed a two-headed ogre
  8863 | D:8      | HP: 3/83 [two-headed ogre/+0 dire flail (19)]
  8863 | D:8      | Demolished by a two-headed ogre

Illustrated notes

Levels and vault maps discovered:
D:1:      co_arrival_random_square_maze, layout_basic
D:2:      layout_loops_corners, nicolae_wu_jian_wuxing_cycle, serial_shops,
          nicolae_shop_competitors_out_of_business, hangedman_decor_riveting
D:3:      layout_basic, nemelex_xobeh_ov_fountains_minmay
D:4:      layout_rooms, nicolae_overflow_crystal_walls, kennysheep_mini_moat,
          minmay_temple_entry_overgrown, xom_redecorated, uniq_robin
D:5:      layout_rooms, nicolae_tso_carved_into_rock
D:6:      layout_gridville, okawaru_ov_weapons_minmay, serial_shops,
          nicolae_shop_window_shopping, lemuel_angel_altar
D:7:      layout_cave_pools, grunt_temple_overflow_order_and_chaos_1
D:8:      layout_basic, minmay_shattered_shrine
D:9:      layout_layer_cave, lemuel_coloured_pillars_altar, special_room
          [special_room_orc], uniq_pikel, uniq_maurice

Skill      XL: |  1  2  3  4  5  6  7  8  9 |
---------------+----------------------------+-----
Axes           | 4 5 6 7 8 11 | 11.9
Fighting       | 4 5 6 8 9 |  9.2
Dodging        | 3 4 |  4.2
Stealth        | 1 |  1.9
Armour         | 3 4 |  4.7
Evocations     | |  0.1

Action                   |  1- 3 |  4- 6 |  7- 9 || total
-------------------------+-------+-------+-------++-------
Melee: Hand axe          |    71 |    88 |   186 ||   345
       Headbutt          |     7 |    13 |    38 ||    58
       Battleaxe         |       |       |    28 ||    28
Invok: Berserk           |       |     3 |     4 ||     7
       Trog's Hand       |       |       |     1 ||     1
Evoke: Wand              |       |     1 |     2 ||     3
  Use: Potion            |       |       |     4 ||     4
       Scroll            |       |       |     2 ||     2
 Stab: Sleeping          |       |     3 |     3 ||     6
Armor: Animal skin       |     8 |     9 |    19 ||    36
       Skin              |       |       |    16 ||    16
Dodge: Dodged            |    48 |    40 |   121 ||   209

Table legend: (Time is in decaauts)
 A = Elapsed time spent in this place.
 B = Non-inter-level travel time spent in this place.
 C = Inter-level travel time spent in this place.
 D = Time resting spent in this place.
 E = Time spent auto-exploring this place.
 F = Levels seen in this place.
 G = Mean time per level.
                   A        B        C        D        E       F      G
               +--------+--------+--------+--------+--------+-----+--------+
         Total |   8902 |   8728 |    174 |   2214 |   5238 |   9 |  989.1 |
       Dungeon |   8902 |   8728 |    174 |   2214 |   5238 |   9 |  989.1 |
               +--------+--------+--------+--------+--------+-----+--------+

Top non-repeatable levels by time:
     D:6: 1648 daAuts
     D:7: 1279 daAuts
     D:8: 1113 daAuts
     D:2: 1091 daAuts
     D:3: 1008 daAuts
     D:1: 989 daAuts
     D:4: 958 daAuts
     D:5: 660 daAuts
     D:9: 152 daAuts
